 Dungeon Crawl Stone Soup version 0.13.2 (webtiles) character file.

230 stankywizzleteets the Shield-Bearer (level 4, -2/36 HPs)
             Began as a Human Fighter on May 5, 2018.
             Slain by AspNSpanner's ghost (6 damage)
             ... while paralysed by a potion of paralysis
             ... on Level 3 of the Dungeon.
             The game lasted 00:12:35 (1938 turns).

stankywizzleteets the Shield-Bearer (Human Fighter) Turns: 1938, Time: 00:12:35

HP  -2/36        AC  6     Str 17      XL: 4   Next: 35%
MP   3/3         EV  2     Int  9      God:
Gold 165         SH  0     Dex 12      Spells:  0 memorised,  3 levels left

Res.Fire  : . . .   See Invis. : .   a - +0 short sword
Res.Cold  : . . .   Warding    : .   b - +0 scale mail (curse)
Life Prot.: . . .   Conserve   : .   c - +0 shield
Res.Poison: .       Res.Corr.  : .   i - +0 cap
Res.Elec. : .       Clarity    : .   (no cloak)
Sust.Abil.: . .     Spirit.Shd : .   (no gloves)
Res.Mut.  : .       Stasis     : .   (no boots)
Res.Rott. : .       Flight     : .   (no amulet)
Saprovore : . . .                    (no ring)
                                     (no ring)

@: paralysed, slightly resistant to hostile enchantments, extremely unstealthy
A: no striking features
a: no special abilities


You were on level 3 of the Dungeon.
You were not hungry.

You visited 1 branch of the dungeon, and saw 3 of its levels.

You collected 145 gold pieces.

Inventory:

Hand weapons
 a - a +0,+0 short sword (weapon)
 w - a +0,+0 elven whip
Missiles
 e - 12 javelins (quivered)
Armour
 b - a cursed +0 scale mail (worn)
 c - a +0 shield (worn)
 i - a +0 cap (worn)
 m - a +0 orcish ring mail
 r - a +0 animal skin
 y - a +0 ring mail
Comestibles
 t - an orange
 u - an apple
 v - a bread ration
Scrolls
 d - a scroll of random uselessness {unknown}
 f - 2 scrolls of curse armour
 g - a scroll of amnesia
 h - 4 scrolls of identify {unknown}
 p - a scroll of blinking {unknown}
 q - 2 scrolls of fear {unknown}
Jewellery
 k - an uncursed amulet of stasis {unknown}
Potions
 j - a potion of invisibility {unknown}
 l - a potion of magic {unknown}
 n - a potion of might {unknown}
 o - a potion of heal wounds {unknown}
 s - a potion of degeneration {unknown}
 z - a potion of speed {unknown}
Carrion
 x - an adder skeleton


   Skills:
 + Level 3.4 Fighting
 + Level 2.2 Short Blades
 + Level 0.2 Throwing
 + Level 3.4 Armour
 + Level 1.4 Dodging
 + Level 3.5 Shields


You had 3 spell levels left.
You didn't know any spells.

Dungeon Overview and Level Annotations

Branches:
Dungeon (3/27)

Altars:

Annotations:
D:3 AspNSpanner's ghost, average MiFi


Message History

Your +0 scale mail glows black for a moment.
It was a scroll of curse armour.
AspNSpanner's ghost hits you.
* * * LOW HITPOINT WARNING * * *
Read which item? (? for menu, Esc to quit)
As you read the scroll labeled HANAHO COABBYA, it crumbles to dust.
You feel forgetful for a moment.
It was a scroll of amnesia.
AspNSpanner's ghost says, "You can hit me, but you can't hurt me."
You block AspNSpanner's ghost's attack.
Drink which item? (? for menu, Esc to quit)
You suddenly lose the ability to move!
It was a potion of paralysis.
AspNSpanner's ghost hits you but does no damage.
AspNSpanner's ghost hits you but does no damage.
AspNSpanner's ghost hits you.
* * * LOW HITPOINT WARNING * * *
AspNSpanner's ghost hits you.
* * * LOW HITPOINT WARNING * * *
AspNSpanner's ghost hits you.
* * * LOW HITPOINT WARNING * * *
AspNSpanner's ghost hits you.
You die...

..# ..### #...#
#...#### ##
###........ ..
.......... #.
#####.........
#p.#..............
..###..#@###.<.###...
.......p..............
..###....#########...
#(...# . #....# #....#
##.... #.... .....


You could see AspNSpanner's ghost.

Vanquished Creatures
  3 adders
  A worm (D:2)
  A giant gecko (D:1)
  3 giant cockroaches
  3 goblins
  6 hobgoblins
  7 kobolds
  2 ball pythons
  4 bats
  6 rats
36 creatures vanquished.

Notes
Turn   | Place    | Note
--------------------------------------------------------------
     0 | D:1      | stankywizzleteets, the Human Fighter, began the quest for the Orb.
     0 | D:1      | Reached XP level 1. HP: 18/18 MP: 0/0
    89 | D:1      | Reached XP level 2. HP: 20/24 MP: 1/1
   577 | D:1      | Reached XP level 3. HP: 26/30 MP: 2/2
   761 | D:2      | Reached skill level 1 in Dodging
  1323 | D:2      | Reached XP level 4. HP: 36/36 MP: 3/3
  1897 | D:3      | Noticed AspNSpanner's ghost (average MiFi)
  1933 | D:3      | Paralysed by a potion of paralysis for 6 turns
  1938 | D:3      | Slain by AspNSpanner's ghost

Action                   |  1- 3 |  4- 6 || total
-------------------------+-------+-------++-------
Melee: Short sword       |   122 |    46 ||   168
Throw: Javelin           |     3 |     3 ||     6
  Use: Scroll            |       |     2 ||     2
       Potion            |       |     1 ||     1
